General information
- name: BNet
- type: Ladder team game (AT/RT)
- host: Battle.net
- saver: lassassin
map: Deadlock
- players: 8
- length: 11:29
- speed: Fast
- version: 1.27 W3XP
- replay type: Public
» download(76 KB)
Players
team 1 (winner)
LiQUiDNiNJA (
yellow | 65 APM | 738 actions | 11:21)
3 Blood Mage
2 Flame Strike
1 Siphon Mana
1 Paladin
1 Holy Light
» actions
| Assign group hotkey | 22 | |
| Basic commands | 39 | |
| Build / train | 56 | |
| ESC pressed | 1 | |
| Enter build submenu | 23 | |
| Enter hero's abilities submenu | 4 | |
| Remove unit from queue | 1 | |
| Right click | 238 | |
| Select / deselect | 260 | |
| Select group hotkey | 43 | |
| Use ability | 51 | |
738 total
» units
| Peasant | 18 | |
| Footman | 11 | |
| Knight | 5 | |
34 total
» upgrades
| Lumber Harvesting | 2 | |
| Swords | 1 | |
| Plating | 1 | |
| Animal War Training | 3 | |
7 total
» buildings
| Altar of Kings | 1 | |
| Farm | 7 | |
| Lumber Mill | 1 | |
| Barracks | 2 | |
| Town Hall | 3 | |
| Keep | 1 | |
| Blacksmith | 1 | |
| Arcane Vault | 1 | |
| Castle | 1 | |
18 total
» build order
00:06 Altar of Kings
00:13 Farm
00:28 Lumber Mill
00:51 Farm
01:16 Barracks
01:58 Farm
02:24 Farm
04:21 Town Hall
04:25 Town Hall
04:37 Keep
05:27 Town Hall
05:57 Blacksmith
06:44 Arcane Vault
07:02 Castle
08:04 Barracks
08:19 Farm
10:27 Farm
10:32 Farm
» items
| Scroll of Regeneration | 2 | |
| Lesser Clarity Potion | 2 | |
| Potion of Healing | 2 | |
6 total
PlayasTeem (
green | 46 APM | 520 actions | 11:22)
2 Blademaster
1 Wind Walk
1 Critical Strike
» actions
| Assign group hotkey | 4 | |
| Basic commands | 35 | |
| Build / train | 52 | |
| Enter build submenu | 12 | |
| Enter hero's abilities submenu | 2 | |
| Give item / drop item | 2 | |
| Right click | 203 | |
| Select / deselect | 97 | |
| Select group hotkey | 7 | |
| Use ability | 106 | |
520 total
» units
» upgrades
» buildings
| Altar of Storms | 1 | |
| Orc Burrow | 3 | |
| War Mill | 1 | |
| Voodoo Lounge | 1 | |
| Watch Tower | 62 | |
| Stronghold | 1 | |
69 total
» build order
00:21 Altar of Storms
00:31 Orc Burrow
00:37 War Mill
01:08 Voodoo Lounge
01:54 Watch Tower
02:14 Orc Burrow
02:41 Watch Tower
02:59 Orc Burrow
03:03 Watch Tower
03:07 Watch Tower
03:08 Watch Tower
03:09 Watch Tower
03:09 Watch Tower
03:09 Watch Tower
03:10 Watch Tower
03:10 Watch Tower
03:10 Watch Tower
03:11 Watch Tower
03:11 Watch Tower
03:11 Watch Tower
03:12 Watch Tower
03:12 Watch Tower
03:13 Watch Tower
03:13 Watch Tower
03:14 Watch Tower
09:15 Watch Tower
09:15 Watch Tower
09:16 Watch Tower
09:16 Watch Tower
09:16 Watch Tower
09:17 Watch Tower
09:17 Watch Tower
09:18 Watch Tower
09:18 Watch Tower
09:18 Watch Tower
09:19 Watch Tower
09:19 Watch Tower
09:19 Watch Tower
09:20 Watch Tower
09:20 Watch Tower
09:21 Watch Tower
09:21 Watch Tower
09:22 Watch Tower
09:22 Watch Tower
10:21 Stronghold
» items
| Healing Salve | 4 | |
| Lesser Clarity Potion | 8 | |
| Boots of Speed | 1 | |
| Staff of Teleportation | 1 | |
| Circlet of Nobility | 3 | |
17 total
lassassin (
purple | 35 APM | 399 actions | 11:29)
1 Blood Mage
1 Banish
» actions
| Assign group hotkey | 6 | |
| Build / train | 37 | |
| Enter build submenu | 20 | |
| Enter hero's abilities submenu | 1 | |
| Remove unit from queue | 1 | |
| Right click | 145 | |
| Select / deselect | 114 | |
| Select group hotkey | 41 | |
| Use ability | 34 | |
399 total
» units
» upgrades
| Gunpowder | 3 | |
| Armor | 2 | |
| Flare | 1 | |
| Fragmentation Shards | 1 | |
7 total
» buildings
| Lumber Mill | 2 | |
| Altar of Kings | 1 | |
| Farm | 11 | |
| Blacksmith | 1 | |
| Keep | 1 | |
| Castle | 1 | |
| Workshop | 4 | |
21 total
» build order
00:26 Lumber Mill
00:41 Lumber Mill
00:57 Altar of Kings
01:13 Farm
01:35 Blacksmith
02:05 Farm
02:37 Farm
03:12 Farm
03:46 Keep
03:50 Farm
06:08 Castle
06:11 Workshop
06:13 Workshop
06:16 Workshop
06:18 Workshop
06:37 Farm
06:38 Farm
07:34 Farm
07:56 Farm
08:11 Farm
08:12 Farm
» items
| Scroll of Town Portal | 1 | |
| Potion of Healing | 1 | |
| Scroll of Regeneration | 1 | |
3 total

»
FulGorifiK (
orange | 25 APM | 289 actions | 11:21)
2 Paladin
1 Holy Light
1 Devotion Aura
» actions
| Build / train | 39 | |
| Enter build submenu | 27 | |
| Enter hero's abilities submenu | 3 | |
| Right click | 91 | |
| Select / deselect | 98 | |
| Use ability | 31 | |
289 total
» units
| Peasant | 16 | |
| Footman | 6 | |
| Gryphon Rider | 1 | |
23 total
» upgrades
| Swords | 2 | |
| Armor | 1 | |
| Masonry | 1 | |
| Storm Hammers | 1 | |
5 total
» buildings
| Farm | 9 | |
| Altar of Kings | 1 | |
| Barracks | 2 | |
| Lumber Mill | 1 | |
| Scout Tower | 6 | |
| Blacksmith | 1 | |
| Arcane Vault | 1 | |
| Arcane Tower | 1 | |
| Keep | 1 | |
| Town Hall | 1 | |
| Castle | 1 | |
| Guard Tower | 5 | |
| Gryphon Aviary | 3 | |
| Arcane Sanctum | 1 | |
34 total
» build order
00:32 Farm
00:46 Altar of Kings
00:58 Barracks
01:05 Barracks
01:14 Farm
01:23 Lumber Mill
01:41 Scout Tower
02:20 Farm
02:32 Blacksmith
03:05 Arcane Vault
03:10 Arcane Tower
03:45 Farm
04:30 Keep
04:37 Farm
05:22 Farm
06:52 Town Hall
07:03 Scout Tower
07:13 Castle
07:28 Farm
07:51 Scout Tower
07:52 Guard Tower
08:25 Scout Tower
08:26 Guard Tower
08:36 Gryphon Aviary
08:51 Gryphon Aviary
09:01 Scout Tower
09:03 Guard Tower
09:11 Gryphon Aviary
09:38 Guard Tower
09:43 Scout Tower
10:02 Arcane Sanctum
10:23 Guard Tower
10:39 Farm
11:21 Farm
team 2 (loser)

»
Piklok (
teal | 45 APM | 505 actions | 11:06)
3 Archmage
2 Summon Water Elemental
1 Brilliance Aura
» actions
| Build / train | 35 | |
| Enter build submenu | 18 | |
| Enter hero's abilities submenu | 3 | |
| Remove unit from queue | 2 | |
| Right click | 253 | |
| Select / deselect | 165 | |
| Use ability | 29 | |
505 total
» units
» upgrades
| Gunpowder | 1 | |
| Plating | 1 | |
| Masonry | 1 | |
| Swords | 1 | |
| Armor | 1 | |
5 total
» buildings
| Blacksmith | 1 | |
| Altar of Kings | 1 | |
| Barracks | 1 | |
| Farm | 7 | |
| Arcane Vault | 1 | |
| Lumber Mill | 1 | |
| Town Hall | 1 | |
| Keep | 1 | |
| Castle | 1 | |
| Gryphon Aviary | 4 | |
19 total
» build order
01:13 Blacksmith
01:34 Altar of Kings
01:38 Barracks
01:43 Farm
01:54 Farm
02:16 Arcane Vault
02:23 Farm
02:39 Farm
03:21 Farm
03:28 Lumber Mill
04:58 Town Hall
06:10 Keep
07:02 Farm
07:50 Farm
10:01 Castle
10:04 Gryphon Aviary
10:06 Gryphon Aviary
10:09 Gryphon Aviary
10:11 Gryphon Aviary

»
Adamy (
pink | 70 APM | 796 actions | 11:21)
2 Blademaster
1 Wind Walk
1 Critical Strike
2 Shadow Hunter
1 Hex
1 Healing Wave
» actions
| Assign group hotkey | 23 | |
| Basic commands | 66 | |
| Build / train | 36 | |
| Enter build submenu | 22 | |
| Enter hero's abilities submenu | 4 | |
| Give item / drop item | 3 | |
| Remove unit from queue | 3 | |
| Right click | 303 | |
| Select / deselect | 192 | |
| Select group hotkey | 89 | |
| Use ability | 55 | |
796 total
» units
» upgrades
| Berserker Strength | 1 | |
| Pillage | 1 | |
2 total
» buildings
| Altar of Storms | 1 | |
| Orc Burrow | 5 | |
| Barracks | 1 | |
| Stronghold | 4 | |
| War Mill | 1 | |
| Voodoo Lounge | 2 | |
| Watch Tower | 2 | |
| Spirit Lodge | 1 | |
| Beastiary | 1 | |
| Great Hall | 1 | |
19 total
» build order
00:08 Altar of Storms
00:16 Orc Burrow
00:32 Barracks
01:40 Orc Burrow
02:53 Stronghold
02:53 Stronghold
02:53 Stronghold
03:57 War Mill
03:58 Orc Burrow
04:28 Voodoo Lounge
07:14 Watch Tower
07:15 Watch Tower
07:35 Voodoo Lounge
08:19 Spirit Lodge
08:23 Beastiary
08:27 Orc Burrow
08:37 Orc Burrow
10:02 Great Hall
» items
| Circlet of Nobility | 1 | |
| Periapt of Vitality | 1 | |
| Boots of Speed | 1 | |
| Dust of Appearance | 1 | |
4 total
N8) (
red | 59 APM | 663 actions | 11:16)
3 Death Knight
2 Death Coil
1 Unholy Aura
1 Lich
1 Frost Nova
» actions
| Assign group hotkey | 3 | |
| Build / train | 28 | |
| Enter build submenu | 16 | |
| Enter hero's abilities submenu | 4 | |
| Give item / drop item | 1 | |
| Right click | 435 | |
| Select / deselect | 133 | |
| Select group hotkey | 3 | |
| Use ability | 40 | |
663 total
» units
| Acolyte | 7 | |
| Ghoul | 6 | |
| Crypt Fiend | 4 | |
17 total
» buildings
| Altar of Darkness | 1 | |
| Ziggurat | 13 | |
| Crypt | 1 | |
| Graveyard | 1 | |
| Tomb of Relics | 1 | |
| Halls of the Dead | 1 | |
| Sacrificial Pit | 1 | |
| Black Citadel | 1 | |
| Spirit Tower | 2 | |
| Boneyard | 4 | |
26 total
» build order
00:20 Altar of Darkness
00:24 Ziggurat
00:29 Crypt
00:44 Graveyard
00:56 Tomb of Relics
01:30 Ziggurat
03:40 Halls of the Dead
04:35 Ziggurat
06:55 Sacrificial Pit
07:10 Black Citadel
07:19 Ziggurat
07:20 Ziggurat
07:22 Ziggurat
07:24 Ziggurat
07:25 Ziggurat
07:25 Ziggurat
07:51 Ziggurat
07:53 Ziggurat
08:16 Spirit Tower
08:18 Spirit Tower
09:38 Boneyard
09:52 Boneyard
09:53 Boneyard
09:55 Boneyard
» items

»
Chilibob (
blue | 33 APM | 372 actions | 11:19)
2 Archmage
1 Summon Water Elemental
1 Brilliance Aura
» actions
| Assign group hotkey | 4 | |
| Basic commands | 37 | |
| Build / train | 45 | |
| Enter build submenu | 23 | |
| Enter hero's abilities submenu | 2 | |
| Give item / drop item | 1 | |
| Right click | 96 | |
| Select / deselect | 132 | |
| Select group hotkey | 3 | |
| Use ability | 29 | |
372 total
» units
| Peasant | 16 | |
| Footman | 4 | |
| Rifleman | 6 | |
| Mortar Team | 2 | |
28 total
» upgrades
| Masonry | 2 | |
| Lumber Harvesting | 1 | |
| Long Rifles | 1 | |
4 total
» buildings
| Altar of Kings | 1 | |
| Farm | 8 | |
| Lumber Mill | 1 | |
| Barracks | 1 | |
| Arcane Vault | 1 | |
| Scout Tower | 6 | |
| Blacksmith | 1 | |
| Guard Tower | 3 | |
| Keep | 1 | |
| Town Hall | 1 | |
| Arcane Tower | 1 | |
| Workshop | 1 | |
| Arcane Sanctum | 1 | |
27 total
» build order
00:09 Altar of Kings
00:12 Farm
00:53 Lumber Mill
01:02 Barracks
01:18 Farm
01:58 Farm
02:09 Arcane Vault
02:13 Scout Tower
02:25 Scout Tower
02:39 Blacksmith
02:59 Guard Tower
03:09 Farm
03:15 Guard Tower
03:21 Farm
03:30 Farm
05:04 Scout Tower
05:34 Keep
06:21 Town Hall
06:24 Scout Tower
06:27 Scout Tower
06:30 Scout Tower
06:53 Arcane Tower
07:01 Farm
07:03 Farm
07:14 Guard Tower
09:08 Workshop
10:30 Arcane Sanctum
» items
| Scroll of Regeneration | 2 | |
| Boots of Speed | 1 | |
| Scroll of Healing | 1 | |
| Potion of Lesser Invulnerability | 1 | |
5 total
Chat log
(01:51 / Allies) LiQUiDNiNJA: mortar air mass
(07:00 / Allies) lassassin: once shops are up ill need gold
(07:30 / Allies) lassassin: gold pls
(07:40 / Allies) lassassin: yellow gold me
(07:43 / Allies) lassassin: pls
(07:58 / Allies) LiQUiDNiNJA: build farm
(08:00 / Allies) lassassin: ty
(08:17 / Allies) lassassin: lets attack soon
(08:20 / Allies) lassassin: everyone come top
(08:30 / Allies) lassassin: i need u guys to cover my mort while i hall them
(08:48 / Allies) lassassin: wat a moron
(08:52 / Allies) lassassin: leave him to die
(10:59 / Allies) lassassin: kill acos
(11:19 / Allies) lassassin: lol